Zazza, lawful female human Tourist ##### ------ --------- ----- #---------- |.....# |.......| |....#########|.........###############.....|#######........| |.{.| ##-........| |....| |......>-# |...| # |........|###############.....| |.......|# |....######## |........|# |.....# |.......|# |<..| |.........# ----|-# -.----.--### -------- |...| |........|# # # ###### # |......| ----- -------.--# ### # ###|......| `##### ### ## # #-......| ####################q@############# ##` -------- ###-|---|-----# #..........|# |.........|# |.........-# ----------- Zazza the Excursionist Experience level: 8 Strength: 15 Dexterity: 14 Constitution: 18 Intelligence: 14 Wisdom: 7 Charisma: 14 Health: 0(67) Energy: 28(28) Def: 9 Gold: 0 Moves: 14676 Dungeon seed: T7De4L07pxH0gdGj Game ID: Zazza_1563923490 Your Inventory: Weapons a - a blessed +3 elven dagger (weapon in hand) d - 25 +2 darts A - 5 +1 daggers M - a blessed +0 dagger U - 12 +0 daggers Y - a blessed +1 elven dagger Armor b - an uncursed +0 elven cloak (being worn) e - an uncursed +0 dwarvish cloak n - an uncursed +0 pair of iron shoes (being worn) p - an uncursed +0 elven shield r - an uncursed +0 dwarvish mithril-coat (being worn) R - a cursed -1 helm of opposite alignment (being worn) Comestibles F - an uncursed sprig of wolfsbane Q - an uncursed lizard corpse S - an uncursed food ration Rings q - an uncursed ring of invisibility Wands o - a wand of sleep (0:4) G - a wand of striking (0:6) J - a wand of nothing (0:7) Tools h - an uncursed magic whistle j - an uncursed towel k - an uncursed credit card l - an expensive camera (0:46) H - an uncursed towel Spells and supernatural/magical abilities: Name Level Category Fail Memory W - pray for help -- divine ? -- Your skills at the end: Fighting Skills Weapon Skills dagger [Expert] dart [Basic] Spellcasting Skills Final Attributes: You were piously aligned. You were poison resistant. You were telepathic. You were stealthy. You are dead. Vanquished creatures: a small mimic a gelatinous cube a shocking sphere a tiger a carnivorous ape a giant beetle 2 wolves an iron piercer a mumak a giant spider a horse a black light 2 gnome kings an orc mummy a dwarf mummy 3 lizards a dingo a housecat 2 dust vortices a raven a plains centaur 2 gnome mummies a snake 2 apes 7 human zombies 4 Woodland-elves 3 fire ants an imp 2 wood nymphs 2 water nymphs 2 orc shamans a rock piercer 3 rock moles a fog cloud a yellow light 2 violet fungi 8 gnome lords 4 gnomish wizards a red naga hatchling a gray ooze a barrow wight a ghoul 2 straw golems a giant ant 6 floating eyes 9 dwarves a homunculus 2 kobold lords a kobold shaman 2 hill orcs 2 rothes 2 rabid rats 2 centipedes 3 giant bats 3 dwarf zombies 2 wererats 2 werejackals 8 iguanas 11 killer bees 2 coyotes 3 gas spores 6 hobbits 2 manes 2 large kobolds a hobgoblin 4 giant rats 6 cave spiders a brown mold 3 yellow molds 3 red molds 29 gnomes a gnome zombie 11 geckos 24 jackals 4 foxes a kobold 2 goblins 3 sewer rats 6 grid bugs 3 bats 5 lichens 4 kobold zombies 13 newts 274 creatures vanquished. Voluntary challenges: You had been an atheist until turn 4764. You used a wielded weapon 397 times, starting on turn 357. You read items or engraved 19 times, starting on turn 108. You never genocided any monsters. You never polymorphed an object. You never changed form. You used no wishes. You never split a pudding. You wrote Elbereth's name 10 times, starting on turn 4643. You violated your moral code, losing 10 points of alignment, starting on turn 9146. Dungeon overview: The Dungeons of Doom: levels 1 to 9 Level 1 a fountain a long staircase Level 2 Level 3 a potion shop Level 4 (gold) a general store, a fountain stairs to The Gnomish Mines Level 5 some fountains Level 6 <- You were here a fountain Level 7 some fountains Level 8 many fountains Level 9 The Gnomish Mines: levels 5 to 8 Level 5 stairs to The Dungeons of Doom Level 6 Level 7 Level 8 many shops, a temple to Blind Io, some fountains History has recorded: On T:1 you entered the Dungeons of Doom to retrieve the Amulet of Yendor! On T:352 you reached level 3 of The Dungeons of Doom. On T:904 you reached level 2 of The Dungeons of Doom. On T:1648 you reached level 4 of The Dungeons of Doom. On T:2264 you reached level 5 of The Dungeons of Doom. On T:4640 you reached level 6 of The Dungeons of Doom. On T:4670 you advanced to experience level 2. On T:4925 you advanced to experience level 3. On T:5694 you advanced to experience level 4. On T:6928 you advanced to experience level 5. On T:7098 you reached level 7 of The Dungeons of Doom. On T:7667 you advanced to experience level 6. On T:7932 you reached level 1 of The Gnomish Mines. On T:8859 you advanced to experience level 7. On T:9003 you reached level 2 of The Gnomish Mines. On T:9415 you reached level 3 of The Gnomish Mines. On T:9541 you advanced to experience level 8. On T:10158 you reached level 4 of The Gnomish Mines. On T:10996 you reached level 8 of The Dungeons of Doom. On T:14401 you reached level 9 of The Dungeons of Doom. Score breakdown: Gold: 0 ( 0 points) Experience: 8 levels (14739 points) Exploration: 9 levels ( 18.37%) (12247 points) Discoveries: 20 items ( 6.71%) ( 7771 points) Valuables value: (no points given unless you survive) Artifact value: 0 ( 0 points) Variety of kills: 83 monsters ( 21.78%) (14002 points) Turncount: 14676 turns (-2945 points) Survival: died (score multiplied by 80%) Total score: 36651 Latest messages: Blecch! Rotten food! Everything suddenly goes dark. You finish eating the food ration. You try to feel what is lying here on the floor. You feel here a mirror. You stop. Armand is in the way! You can see again. You displace your large cat. The pony is confused from hunger. Please move the cursor to an unknown object. Never mind. The pony misses Armand. (4x) The mumak butts! The mumak bites! You hit it. The mumak butts! The mumak bites! You hit it. The mumak butts! You die... Final status: Aloha Zazza the Tourist, killed by a mumak... You died in The Dungeons of Doom on dungeon level 6 with 36651 points, and 0 pieces of gold, after 14676 moves. You were level 8 with a maximum of 67 hit points when you died.